 Dungeon Crawl Stone Soup version 0.32-a0-290-g598725c5f2 (webtiles) character file.

Game seed: 611824252155239441

356 Ceno the Grave Robber (level 6, -3/44 HPs)
             Began as a Gnoll Necromancer on Feb 14, 2024.
             Slain by an orc
             ... wielding a +0 mace
              (5 damage)
             ... on level 3 of the Dungeon.
             The game lasted 00:10:46 (3097 turns).

Ceno the Grave Robber (Gnoll Necromancer)           Turns: 3097, Time: 00:10:47

Health: -3/44      AC:  3    Str:  9    XL:     6   Next: 63%
Magic:  2/14       EV: 13    Int: 15    God:
Gold:   216        SH:  0    Dex: 12    Spells: 2/15 levels left

rFire   . . .        c - +0 whip
rCold   . . .        (no shield)
rNeg    . . .        a - +0 robe
rPois   .            (no helmet)
rElec   .            s - +0 cloak
rCorr   +            (no gloves)
SInv    .            (no boots)
Will    .....        (no amulet)
Stlth   +++          h - ring of resist corrosion
HPRegen 0.27/turn    (no ring)
MPRegen 0.14/turn

%: no passive effects
@: no status effects
A: fangs 1, strong nose, distributed training
a: no special abilities


You were on level 3 of the Dungeon.
You visited 1 branch of the dungeon, and saw 4 of its levels.

You collected 216 gold pieces.

Inventory:

Hand Weapons
 c - a +0 whip (weapon)
Missiles
 k - 33 stones
Armour
 a - a +0 robe (worn)
 s - a +0 cloak (worn)
Jewellery
 h - a ring of resist corrosion (left hand)
 o - a ring of ice
Scrolls
 d - a scroll of fear {unknown}
 e - a scroll of enchant armour {unknown}
 g - a scroll of vulnerability
 j - a scroll of revelation {unknown}
 l - a scroll of blinking {unknown}
 m - 3 scrolls of teleportation {unknown}
 n - 2 scrolls of torment {unknown}
 q - a scroll of summoning {unknown}
 r - a scroll of noise {unknown}
 t - a scroll of identify {unknown}
 u - a scroll of amnesia {unknown}
Potions
 b - a potion of magic
 f - a potion of attraction {unknown}
 i - 2 potions of curing {unknown}
 p - a potion of haste {unknown}


   Skills:
 + Level 2.1 Fighting
 + Level 2.1 Short Blades
 + Level 2.1 Long Blades
 + Level 2.1 Axes
 + Level 2.1 Maces & Flails
 + Level 2.1 Polearms
 + Level 2.1 Staves
 + Level 2.1 Ranged Weapons
 + Level 2.1 Throwing
 + Level 2.1 Armour
 + Level 5.0 Dodging
 + Level 4.7 Stealth
 + Level 2.1 Shields
 + Level 2.1 Unarmed Combat
 + Level 5.4 Spellcasting
 + Level 1.7 Conjurations
 + Level 1.7 Hexes
 + Level 1.7 Summonings
 + Level 7.3 Necromancy
 + Level 1.7 Translocations
 + Level 1.7 Fire Magic
 + Level 1.7 Ice Magic
 + Level 1.7 Air Magic
 + Level 1.7 Earth Magic
 + Level 1.7 Alchemy
 + Level 2.3 Invocations
 + Level 2.1 Evocations
 + Level 1.9 Shapeshifting


You had 2 spell levels left.
You knew the following spells:

 Your Spells              Type           Power      Damage    Failure   Level
a - Necrotise             Necr           100%       1d9       1%          1
b - Vampiric Draining     Necr           26%        2d7       2%          3
c - Animate Dead          Necr           26%        N/A       8%          4
d - Curse of Agony        Necr           26%        N/A       22%         5

Your spell library contained the following spells:

 Spells                   Type           Power      Damage    Failure   Level
 Cause Fear               Hex            4%         N/A       58%         4
 Fireball                 Conj/Fire      4%         3d4       91%         5
 Dragon's Call            Summ           4%         N/A       100%        9


Dungeon Overview and Level Annotations

Branches:
Dungeon (4/15)
 Temple: D:4-7

Altars:
Vehumet

Annotations:
D:3 exclusion: water moccasin


Innate Abilities, Weirdness & Mutations

You have very sharp teeth.
Your uncanny sense of smell can sniff out nearby items.
Your experience applies equally to all skills.


Message History

You hit the endoplasm but do no damage.
The endoplasm is almost dead.
Your orc zombie splashes around in the water.
The orc hits your orc zombie with a +0 hand axe!
Your orc zombie is destroyed!
The orc closely misses you. The endoplasm freezes you.
You are frozen.
You hit the endoplasm.
You kill the endoplasm!
The orc hits you with a +0 mace.
* * * LOW HITPOINT WARNING * * *
The orc attacks as it pursues you! The orc barely misses you.
The orc attacks as it pursues you! The orc misses you.
The orc attacks as it pursues you! The orc hits you but does no damage.
There is a stone staircase leading up here.
The orc misses you. The orc hits you with a +0 mace.
* * * LOW HITPOINT WARNING * * *
You climb upwards.
Level annotation: exclusion: water moccasin
There is a stone staircase leading down here.
The orc attacks as it pursues you! The orc hits you with a +0 hand axe.
* * * LOW HITPOINT WARNING * * *
The orc attacks as it pursues you! The orc misses you.
Casting: Vampiric Draining (dangerous; 2% risk of failure)
Confirm with . or Enter, or press ? or * to list all spells.
Aiming: Vampiric Draining (dangerous; 2% risk of failure)
Press: ? - help, Shift-Dir - straight line, f - orc
Aim: an orc, wielding a +0 hand axe and wearing a +0 leather armour (heavily wounded)
You draw life force from the orc.
You kill the orc!
You feel life coursing into your body. The orc barely misses you.
You are too injured to fight recklessly!
You hit the orc but do no damage. Your bite misses the orc.
The orc barely misses you.
You barely miss the orc. The orc misses you.
You hit the orc but do no damage. The orc hits you with a +0 mace!
* * * LOW HITPOINT WARNING * * *
The orc attacks as it pursues you! The orc hits you with a +0 mace.
You die...

...........#### ###..#
.........### #....# ........##
###....# ### ........#
##......# [.##........#
##.......##### ...S........#
##...#........#
...........>#####).###........#
..?...........................#
..##..........)o@..###........#
..#.....########..## #........#
....##### ###.## ###..#####
..### #...# #..# ..# #.####
##..# ..# #....# #...#
#################.# #..##
............#####.#####.##
###########........).....#


You could see an orc.

Vanquished Creatures
  A scorpion (D:4)
  A bombardier beetle (D:3)
  A hound (D:3)
  An orc priest (D:2)
  2 orc wizards (D:3)
  3 adders
  4 dart slugs
  A ribbon worm (D:4)
  12 orcs
  5 ball pythons
  3 bats
  5 endoplasms
  A giant cockroach (D:4)
  4 goblins
  9 hobgoblins
  5 kobolds
  2 quokkas
  3 frilled lizards
  5 rats
68 creatures vanquished.

Vanquished Creatures (collateral kills)
  2 ball pythons
2 creatures vanquished.

Grand Total: 70 creatures vanquished

Notes
Turn   | Place    | Note
-------+----------+-------------------------------------------
     0 | D:1      | Ceno the Gnoll Necromancer began the quest for the Orb.
     0 | D:1      | Reached XP level 1. HP: 13/13 MP: 6/6
   127 | D:1      | Reached XP level 2. HP: 20/20 MP: 4/7
   369 | D:1      | Reached skill level 5 in Spellcasting
   369 | D:1      | Reached XP level 3. HP: 25/25 MP: 5/9
   373 | D:1      | Learned a level 3 spell: Vampiric Draining
   942 | D:2      | Reached skill level 1 in Invocations
  1146 | D:2      | Reached skill level 1 in Fighting
  1146 | D:2      | Reached skill level 1 in Short Blades
  1146 | D:2      | Reached skill level 1 in Long Blades
  1146 | D:2      | Reached skill level 1 in Axes
  1146 | D:2      | Reached skill level 1 in Maces & Flails
  1146 | D:2      | Reached skill level 1 in Polearms
  1146 | D:2      | Reached skill level 1 in Staves
  1146 | D:2      | Reached skill level 1 in Ranged Weapons
  1146 | D:2      | Reached skill level 1 in Throwing
  1146 | D:2      | Reached skill level 1 in Armour
  1146 | D:2      | Reached skill level 1 in Shields
  1146 | D:2      | Reached skill level 1 in Unarmed Combat
  1146 | D:2      | Reached skill level 1 in Evocations
  1187 | D:2      | Reached skill level 1 in Shapeshifting
  1187 | D:2      | Reached XP level 4. HP: 32/32 MP: 6/11
  1192 | D:2      | Learned a level 4 spell: Animate Dead
  1669 | D:3      | Reached skill level 1 in Conjurations
  1669 | D:3      | Reached skill level 1 in Hexes
  1669 | D:3      | Reached skill level 1 in Summonings
  1669 | D:3      | Reached skill level 1 in Translocations
  1669 | D:3      | Reached skill level 1 in Fire Magic
  1669 | D:3      | Reached skill level 1 in Ice Magic
  1669 | D:3      | Reached skill level 1 in Air Magic
  1669 | D:3      | Reached skill level 1 in Earth Magic
  1669 | D:3      | Reached skill level 1 in Alchemy
  1779 | D:3      | Reached XP level 5. HP: 37/37 MP: 4/12
  1838 | D:3      | Noticed a water moccasin
  2062 | D:3      | Reached XP level 6. HP: 44/44 MP: 10/13
  2069 | D:3      | Learned a level 5 spell: Curse of Agony
  2314 | D:3      | HP: 1/44 [something/puff of flame (11)]
  2326 | D:3      | HP: 2/44 [something (2)]
  2329 | D:3      | Reached skill level 5 in Dodging
  2335 | D:3      | HP: 2/44 [orc/+0 dagger (2)]
  3027 | D:4      | Found a radiant altar of Vehumet.
  3096 | D:3      | HP: 2/44 [orc/+0 mace (7)]
  3097 | D:3      | Slain by an orc

Illustrated notes

Levels and vault maps discovered:
D:1:      sevenhm_arrival_forest_fort_small_3, layout_loops_ring,
          minmay_misc_feat_diagonals
D:2:      layout_loops_corners, supply_closet_lemuel, chequers_arboretum
D:3:      layout_rooms, grunt_ministairs_7
D:4:      layout_basic, lemuel_doored_altar, serial_bayou_pond_a,
          kennysheep_windowed_goal

Skill      XL: |  1  2  3  4  5  6 |
---------------+-------------------+-----
Spellcasting   | 5 |  5.4
Invocations    | 1 2 |  2.3
Fighting       | 1 2 |  2.1
Short Blades   | 1 2 |  2.1
Long Blades    | 1 2 |  2.1
Axes           | 1 2 |  2.1
Maces & Flails | 1 2 |  2.1
Polearms       | 1 2 |  2.1
Staves         | 1 2 |  2.1
Ranged Weapons | 1 2 |  2.1
Throwing       | 1 2 |  2.1
Armour         | 1 2 |  2.1
Shields        | 1 2 |  2.1
Unarmed Combat | 1 2 |  2.1
Evocations     | 1 2 |  2.1
Shapeshifting  | 1 |  1.9
Conjurations   | 1 |  1.7
Hexes          | 1 |  1.7
Summonings     | 1 |  1.7
Translocations | 1 |  1.7
Fire Magic     | 1 |  1.7
Ice Magic      | 1 |  1.7
Air Magic      | 1 |  1.7
Earth Magic    | 1 |  1.7
Alchemy        | 1 |  1.7
Dodging        | 5 |  5.0
Stealth        | |  4.7
Necromancy     | |  7.3

Action                     |  1- 3 |  4- 6 || total
---------------------------+-------+-------++-------
  Melee: Whip              |    14 |   103 ||   117
         Bite              |       |    12 ||    12
   Cast: Necrotise         |    31 |    35 ||    66
         Vampiric Draining |     3 |    16 ||    19
         Animate Dead      |       |     8 ||     8
    Use: Scroll            |       |     1 ||     1
   Stab: Sleeping          |     1 |     1 ||     2
 Armour: Robe              |     5 |    72 ||    77
  Dodge: Dodged            |    14 |    92 ||   106

Table legend: (Time is in decaauts)
 A = Elapsed time spent in this place.
 B = Non-inter-level travel time spent in this place.
 C = Inter-level travel time spent in this place.
 D = Time resting spent in this place.
 E = Time spent auto-exploring this place.
 F = Levels seen in this place.
 G = Mean time per level.
                   A        B        C        D        E       F      G
               +--------+--------+--------+--------+--------+-----+--------+
         Total |   3098 |   3016 |     82 |    163 |   1500 |   4 |  774.5 |
       Dungeon |   3098 |   3016 |     82 |    163 |   1500 |   4 |  774.5 |
               +--------+--------+--------+--------+--------+-----+--------+

Top non-repeatable levels by time:
     D:2: 1041 daAuts
     D:3: 1004 daAuts
     D:1: 697 daAuts
     D:4: 355 daAuts
